 Dungeon Crawl Stone Soup version 0.28.0-45-g0d030f2227 (webtiles) character file.

Game seed: 8130226048064763259

143 Icepheonix32 the Caller (level 5, 0/35 HPs)
             Began as a Merfolk Summoner on Apr 12, 2022.
             Slain by Ijyb
             ... wielding a +0 dagger
              (2 damage)
             ... on level 3 of the Dungeon.
             The game lasted 00:04:04 (2730 turns).

Icepheonix32 the Caller (Merfolk Summoner)          Turns: 2730, Time: 00:04:05

Health: 0/35       AC:  3    Str: 14    XL:     5   Next: 25%
Magic:  1/8        EV: 12    Int: 17    God:
Gold:   41         SH:  0    Dex: 14    Spells: 2/8 levels left

rFire   . . .      SeeInvis .   o - +2 dagger (speed)
rCold   . . .      Faith    .   (no shield)
rNeg    . . .      Spirit   .   a - +0 robe
rPois   .          Reflect  .   (no helmet)
rElec   .          Harm     .   e - +0 cloak
rCorr   .          Rampage  .   (no gloves)
Will    .....                   (no boots)
Stlth   ++........              (no amulet)
HPRegen 0.11/turn               h - +6 ring of strength
MPRegen 0.11/turn               (no ring)

@: no status effects
A: (nimble swimmer 2), mertail
a: no special abilities


You were on level 3 of the Dungeon.
You visited 1 branch of the dungeon, and saw 3 of its levels.

You collected 41 gold pieces.

Inventory:

Hand Weapons
 c - a +0 rapier
 i - a +0 hunting sling
 o - a +2 dagger of speed (weapon)
Armour
 a - a +0 robe (worn)
 e - a +0 cloak (worn)
 l - a +0 ring mail
Jewellery
 h - a +6 ring of strength (left hand)
Scrolls
 b - 4 scrolls of identify {unknown}
 f - a scroll of teleportation {unknown}
 j - a scroll of amnesia {unknown}
 k - a scroll of immolation {unknown}
 m - a scroll of enchant weapon {unknown}
Potions
 d - a potion of curing {unknown}
 g - 2 potions of lignification {unknown}
 n - a potion of magic {unknown}


   Skills:
 - Level 2.6 Dodging
 - Level 2.1 Stealth
 - Level 2.0 Spellcasting
 + Level 6.4 Summonings


You had 2 spell levels left.
You knew the following spells:

 Your Spells              Type           Power      Damage    Failure   Level
a - Summon Small Mammal   Summ           92%        N/A       1%          1
b - Call Imp              Summ           23%        N/A       1%          2
c - Call Canine Familiar  Summ           23%        N/A       4%          3

Your spell library contained the following spells:

 Spells                   Type           Power      Damage    Failure   Level
 Summon Guardian Golem    Hex/Summ       12%        N/A       16%         3
 Summon Lightning Spire   Summ/Air       12%        N/A       45%         4
 Dazzling Flash           Conj/Hex       2%         N/A       50%         3
 Agony                    Necr           1%         N/A       99%         5
 Silence                  Hex/Air        0%         N/A       99%         5


Dungeon Overview and Level Annotations

Branches:
Dungeon (3/15)

Altars:

Annotations:
D:3 Ijyb, Robin


Innate Abilities, Weirdness & Mutations

((You are very nimble when in or above water. (Stealth+, EV+, Speed+++)))
Your lower body shifts to a powerful aquatic tail in water.


Message History

Ijyb is moderately wounded.
The jackal bites your hound but does no damage.
Your hound bites the jackal.
Unknown command.
Something closely misses your hound.
Your hound closely misses Ijyb.
Ijyb zaps a wand.
The puff of flame hits you!
* * * LOW HITPOINT WARNING * * *
The jackal bites your hound.
Your hound bites Ijyb but does no damage.
Casting: Call Canine Familiar (dangerous; 4% risk of failure)
Confirm with . or Enter, or press ? or * to list all spells.
A beastly little devil appears in a puff of frigid air.
The jackal closely misses your hound. x2
Unknown command.
The jackal bites your hound.
Your hound bites the jackal but does no damage.
Ijyb zaps a wand.
The puff of flame misses you. The jackal misses your hound.
The jackal barely misses your hound.
Your hound closely misses the jackal.
Unknown command.
The jackal bites your hound.
The jackal bites your hound but does no damage.
Your hound closely misses the jackal.
Your white imp hits Ijyb but does no damage.
You hit Ijyb.
Ijyb is heavily wounded.
Your hound barely misses the jackal.
The jackal misses your hound. Ijyb barely misses you.
The jackal completely misses your hound.
You hit Ijyb but do no damage.
Ijyb is heavily wounded.
Your hound bites the jackal.
The jackal bites your hound. x2
Your white imp hits Ijyb but does no damage.
Ijyb closely misses you.
You hit Ijyb but do no damage.
Ijyb is heavily wounded.
Your hound closely misses the jackal.
The jackal closely misses your hound.
The jackal bites your hound but does no damage.
Your white imp hits Ijyb but does no damage.
Ijyb hits you with a +0 dagger.
You die...

#.# #.# # #.# ##.
#.# #.. # ##.# #.#
#.# #..# #.###..
#.## #....# #.#
#..#.# # #.#
#@5..##. #.#
#g###..#.# #.# ##h#
h#.#
#.#########.h###.h#
#........†.hhh.h#
############.†#.#
#....# #.###5..#
#.# #.#


You could see Ijyb (ally target), 4 jackals, a friendly hound (summoned) and a
friendly white imp (summoned).

Vanquished Creatures
  Natasha (D:3)
  4 adders
  A worm (D:3)
  5 orcs (D:3)
  4 ball pythons
  2 bats (D:1)
  5 endoplasms
  3 goblins
  4 hobgoblins
  A quokka (D:2)
  A frilled lizard (D:2)
  4 rats
  A spectral goblin (D:1)
36 creatures vanquished.

Vanquished Creatures (collateral kills)
  An adder (D:2)
  2 worms
  A dart slug (D:2)
  A ball python (D:1)
  3 endoplasms
  4 goblins
  3 hobgoblins
  A quokka (D:2)
  A frilled lizard (D:1)
  2 kobolds
  A rat (D:1)
20 creatures vanquished.

Grand Total: 56 creatures vanquished

Notes
Turn   | Place    | Note
-------+----------+-------------------------------------------
     0 | D:1      | Icepheonix32 the Merfolk Summoner began the quest for the
                  | Orb.
     0 | D:1      | Reached XP level 1. HP: 13/13 MP: 3/3
    48 | D:1      | Found a faded altar of an unknown god.
   163 | D:1      | Reached XP level 2. HP: 13/19 MP: 0/5
   866 | D:2      | Reached XP level 3. HP: 21/24 MP: 3/6
   882 | D:2      | Learned a level 2 spell: Call Imp
   886 | D:2      | Learned a level 3 spell: Call Canine Familiar
   889 | D:2      | Reached skill level 5 in Summonings
  1526 | D:2      | Reached XP level 4. HP: 30/30 MP: 7/7
  1874 | D:3      | Noticed Robin
  2283 | D:3      | Reached skill level 6 in Summonings
  2404 | D:3      | Noticed Natasha
  2411 | D:3      | Killed Natasha
  2412 | D:3      | Reached XP level 5. HP: 21/35 MP: 5/8
  2686 | D:3      | Noticed Ijyb
  2730 | D:3      | Slain by Ijyb

Illustrated notes

Levels and vault maps discovered:
D:1:      heliophobic_arrival_enchanted_forest, layout_rooms,
          dreamdust_ecumenical_altar_drowned_temple
D:2:      layout_loops_ring, minmay_misc_feat_tiny
D:3:      layout_loops_ring, minmay_starry_boxes, uniq_grinder, uniq_natasha,
          uniq_robin, uniq_ijyb

Skill      XL: |  1  2  3  4 |
---------------+-------------+-----
Summonings     | 5 6 |  6.4
Dodging        | |  2.6
Stealth        | |  2.1
Spellcasting   | |  2.0

Action                   |  1- 3 |  4- 6 || total
-------------------------+-------+-------++-------
Melee: Rapier            |    66 |    72 ||   138
       Punch             |     1 |     2 ||     3
       Dagger            |       |    15 ||    15
 Cast: Summon Small Mamm |    21 |     2 ||    23
       Call Imp          |     4 |    10 ||    14
       Call Canine Famil |       |     5 ||     5
 Stab: Sleeping          |     2 |     3 ||     5
       Distracted        |     1 |     1 ||     2
Armor: Robe              |    18 |    16 ||    34
Dodge: Dodged            |    47 |    62 ||   109
